[Event "Late-Titled-Tuesday-Blitz-February-20-2024"]
[Site "Chess.com"]
[Date "2024.02.20"]
[Round "11"]
[White "djano"]
[Black "Taran2004"]
[Result "1-0"]
[WhiteElo "2630"]
[BlackElo "2426"]
[TimeControl "180+1"]
[EndTime "16:00:02 PST"]
[Termination "djano won by resignation"]

1. Nc3 g6 2. e4 c5 3. Bc4 Bg7 4. h4 Nc6 5. h5 d6 6. d3 a6 7. a3 Nf6 8. Bg5 h6 9. Bxf6 exf6 10. hxg6 fxg6 11. Nge2 b5 12. Bd5 Bd7 13. Nf4 Ne7 14. Bxa8 Qxa8 15. Ncd5 Nxd5 16. Nxd5 Be6 17. Nc7+ 1-0

[Event "Late-Titled-Tuesday-Blitz-February-20-2024"]
[Site "Chess.com"]
[Date "2024.02.20"]
[Round "11"]
[White "Grischuk"]
[Black "stollenmonster"]
[Result "1-0"]
[WhiteElo "3050"]
[BlackElo "2859"]
[TimeControl "180+1"]
[EndTime "16:00:07 PST"]
[Termination "Grischuk won by resignation"]

1. d4 Nf6 2. c4 e6 3. Bg5 d5 4.
e3 Be7 5. Nc3 Ne4 6. Bxe7 Qxe7 7. cxd5 Nxc3 8. bxc3 exd5 9. Qb3 c6 10. c4 dxc4 11. Bxc4 O-O 12. Ne2 Nd7 13. O-O Nb6 14. Bd3 Be6 15. Qc2 h6 16. Nf4 Nd5 17. Nxe6 Qxe6 18. Rab1 Rab8 19. Rfc1 Rfc8 20. Bf5 Qe7 21. Bxc8 Rxc8 22. Qc5 1-0

[Event "Late-Titled-Tuesday-Blitz-February-20-2024"]
[Site "Chess.com"]
[Date "2024.02.20"]
[Round "11"]
[White "campochess"]
[Black "Pachonpower"]
[Result "1-0"]
[WhiteElo "2180"]
[BlackElo "2296"]
[TimeControl "180+1"]
[EndTime "16:00:08 PST"]
[Termination "campochess won by resignation"]

1. e4 c5 2. Nc3 Nc6 3. f4 g6 4. Bc4 Bg7 5. Nge2 e6 6. d3 Nge7 7. O-O Kf8 8. f5 exf5 9. exf5 Nxf5 10. Rxf5 gxf5 11. Ng3 Bxc3 12. bxc3 d5 13. Bb5 Be6 14. Qh5 Ke8 15. Bxc6+ bxc6 16. Bg5 Qd6 17. Bf6 Rf8 18.
Re1 Qf4 19. Rxe6+ 1-0

[Event "Late-Titled-Tuesday-Blitz-February-20-2024"]
[Site "Chess.com"]
[Date "2024.02.20"]
[Round "11"]
[White "giomar27"]
[Black "PawnEatingZombie"]
[Result "1-0"]
[WhiteElo "2427"]
[BlackElo "2204"]
[TimeControl "180+1"]
[EndTime "16:00:18 PST"]
[Termination "giomar27 won by resignation"]

1. e4 d6 2. d4 Nf6 3. Nc3 e5 4. Nf3 Nbd7 5. Bc4 Be7 6. a4 c6 7. O-O a5 8. h3 O-O 9. Re1 h6 10. b3 Re8 11. d5 Nb6 12. Bf1 cxd5 13. exd5 Nh7 14. Be3 Nd7 15. Nd2 f5 16. Nc4 Rf8 17. Nb5 Ndf6 18. Bb6 Qd7 19. Nc7 Rb8 20. Nxa5 Ng5 21.
Bb5 1-0

[Event "Late-Titled-Tuesday-Blitz-February-20-2024"]
[Site "Chess.com"]
[Date "2024.02.20"]
[Round "11"]
[White "Statham_01"]
[Black "ContrVersia"]
[Result "1-0"]
[WhiteElo "2622"]
[BlackElo "2842"]
[TimeControl "180+1"]
[EndTime "16:00:31 PST"]
[Termination "Statham_01 won by resignation"]

1. Nc3 Nf6 2. e4 e5 3. Nf3 Nc6 4. Be2 Bb4 5. Nd5 Bc5 6. c3 Nxe4 7. d4 exd4 8. Bd3 Nf6 9. Bg5 Be7 10. Bxf6 Bxf6 11.
Qe2+ Kf8 12. O-O dxc3 13. Rfe1 g6 14. bxc3 d6 15. Rab1 Bg7 16. Nxc7 Rb8 17. Qe8+ 1-0

[Event "Late-Titled-Tuesday-Blitz-February-20-2024"]
[Site "Chess.com"]
[Date "2024.02.20"]
[Round "11"]
[White "MrKGG1"]
[Black "Onthequiet"]
[Result "1-0"]
[WhiteElo "2602"]
[BlackElo "2447"]
[TimeControl "180+1"]
[EndTime "16:00:56 PST"]
[Termination "MrKGG1 won by resignation"]

1. e4 c6 2. Nc3 d5 3. Nf3 dxe4 4. Nxe4 Nf6 5. Qe2 Nxe4 6. Qxe4 Nd7 7. Bc4 Nf6 8. Ne5 e6 9. Qe2 a6 10. O-O b5 11. Bd3 Bb7 12. b3 Be7 13. Bb2 c5 14. a4 b4 15. Bc4 Nd5 16. f4 O-O 17. f5 exf5 18. Rxf5 Bf6 19. Raf1 Re8 20. Qf2 Qd6 21.
Nxf7 Kxf7 22. Bxf6 gxf6 23. Rxf6+ Qxf6 24. Qxf6+ Kg8 25. Bxd5+ Bxd5 26. Qg5+ 1-0

[Event "Late-Titled-Tuesday-Blitz-February-20-2024"]
[Site "Chess.com"]
[Date "2024.02.20"]
[Round "11"]
[White "besarquis"]
[Black "CFalcons8"]
[Result "0-1"]
[WhiteElo "2237"]
[BlackElo "2413"]
[TimeControl "180+1"]
[EndTime "16:01:55 PST"]
[Termination "CFalcons8 won by checkmate"]

1. e4 c6 2. d4 d5 3. e5 Bf5 4. h4 h5 5. Bd3 Bxd3 6. Qxd3 e6 7. Nf3 Be7 8. Bg5 Nh6 9. O-O Nf5 10. g3 f6 11. exf6 gxf6 12. Bf4 Nd7 13. Re1 Kf7 14. c4 Qg8 15. Nc3 Qg4 16. cxd5 cxd5 17. Rac1 Rhg8 18. Kh2 Nf8 19. Nb5 Ng6 20. Bd2 Ngxh4 21. Nxh4 Nxh4 22. gxh4 Qg2# 0-1

[Event "Late-Titled-Tuesday-Blitz-February-20-2024"]
[Site "Chess.com"]
[Date "2024.02.20"]
[Round "11"]
[White "Nouali_Mohamed"]
[Black "SharathRk6"]
[Result "1-0"]
[WhiteElo "2552"]
[BlackElo "2402"]
[TimeControl "180+1"]
[EndTime "16:02:03 PST"]
[Termination "Nouali_Mohamed won by resignation"]

1. e4 e5 2. Bc4 Nf6 3. Nc3 Nc6 4.
d3 Bc5 5. f4 d6 6. Nf3 O-O 7.
Na4 Bb6 8. Nxb6 axb6 9. a3 Bg4 10. O-O Nd4 11. fxe5 dxe5 12. Kh1 b5 13. Ba2 c5 14. c3 Nxf3 15. gxf3 Bh3 16. Rg1 c4 17. dxc4 Qxd1 18.
Rxd1 bxc4 19. Bxc4 Rfd8 20. Bg5 Rac8 21. Bxf6 gxf6 22.
Rxd8+ Rxd8 23. Bd5 b6 24. c4 Be6 25. Kg1 f5 26. Kf2 Kg7 27. Ke3 Kf6 28. b4 Rg8 29. a4 Rg2 30. exf5 Bxf5 31. a5 bxa5 32.
bxa5 Bc8 33. a6 Bxa6 34. Rxa6+ Ke7 35. Rh6 f5 36. Rxh7+ Kd6 37. h4 f4+ 38. Kd3 Kc5 39. Ke4 Re2+ 40. Kf5 Kd4 41. Re7 Rh2 42. Rxe5 Rxh4 43.
Re4+ 1-0

[Event "Late-Titled-Tuesday-Blitz-February-20-2024"]
[Site "Chess.com"]
[Date "2024.02.20"]
[Round "11"]
[White "prime-morty"]
[Black "NCchamp"]
[Result "1-0"]
[WhiteElo "2541"]
[BlackElo "2333"]
[TimeControl "180+1"]
[EndTime "16:02:07 PST"]
[Termination "prime-morty won by resignation"]

1. c4 c6 2. Nc3 d5 3. e3 Nf6 4. Nf3 Bg4 5. Qb3 Bxf3 6. Qxb7 Bxg2 7. Bxg2 Nbd7 8. cxd5 cxd5 9. Nxd5 Nxd5 10. Bxd5 Rc8 11.
Bc6 Rc7 12. Qb5 e6 13. d4 Bd6 14. Bd2 O-O 15. Ba5 Nb6 16. O-O Bxh2+ 17. Kxh2 Nd5 18. Bxc7 Qh4+ 19. Kg1 Qg4+ 20. Bg3 1-0

[Event "Late-Titled-Tuesday-Blitz-February-20-2024"]
[Site "Chess.com"]
[Date "2024.02.20"]
[Round "11"]
[White "Shankland"]
[Black "Alex_Sahakyan2006"]
[Result "0-1"]
[WhiteElo "2922"]
[BlackElo "2848"]
[TimeControl "180+1"]
[EndTime "16:02:17 PST"]
[Termination "Alex_Sahakyan2006 won by resignation"]

1. c4 Nf6 2. g3 g6 3. Bg2 Bg7 4. Nc3 O-O 5. e4 e5 6. Nge2 Nc6 7. O-O d6 8. d3 a6 9. f4 b5 10. f5 Nd4 11. h3 Nd7 12. Nd5 c6 13. Ne3 Nc5 14.
Kh2 bxc4 15. dxc4 Rb8 16. b3 a5 17. Nxd4 exd4 18. Ng4 d3 19. f6 Bxg4 20. Qxg4 Bxf6 21. Rb1 Be5 22. Be3 h5 23. Qf3 h4 24. Bf4 hxg3+ 25. Qxg3 Qe7 26. Rf3 Nxe4 27. Qg4 Nd2 0-1

[Event "Late-Titled-Tuesday-Blitz-February-20-2024"]
[Site "Chess.com"]
[Date "2024.02.20"]
[Round "11"]
[White "Beca95"]
[Black "Mops_2004"]
[Result "1-0"]
[WhiteElo "2911"]
[BlackElo "2787"]
[TimeControl "180+1"]
[EndTime "16:02:17 PST"]
[Termination "Beca95 won by resignation"]

1. e4 g6 2. d4 Bg7 3. Nc3 d6 4. Be3 a6 5. g4 Nd7 6. h4 c5 7. Nge2 Ngf6 8. f3 cxd4 9. Nxd4 O-O 10. h5 d5 11. hxg6 hxg6 12. g5 Nh5 13. Rxh5 gxh5 14. f4 e5 15. Nf5 d4 16. Qxh5 dxc3 17. Bc4 cxb2 18. Rd1 Nb6 19. Bxf7+ Rxf7 20. Rxd8+ Bf8 21. Qg6+ Kh8 22. Rxf8+ 1-0

[Event "Late-Titled-Tuesday-Blitz-February-20-2024"]
[Site "Chess.com"]
[Date "2024.02.20"]
[Round "11"]
[White "Alphafischer2019"]
[Black "NLLO777"]
[Result "1-0"]
[WhiteElo "2682"]
[BlackElo "2539"]
[TimeControl "180+1"]
[EndTime "16:02:24 PST"]
[Termination "Alphafischer2019 won by resignation"]

1. Nf3 Nf6 2. g3 b6 3. Bg2 Bb7 4. b3 c5 5. Bb2 e6 6. c4 Be7 7. O-O O-O 8. Nc3 d6 9. Re1 a6 10. e4 Nc6 11. d4 cxd4 12. Nxd4 Qc7 13. Rc1 Nxd4 14. Qxd4 Rac8 15. Na4 Bc6 16. Nxb6 e5 17. Qe3 Ng4 18. Qe2 Qxb6 19. Qxg4 a5 20. c5 Qb7 21.
cxd6 Bxd6 22. Red1 Rfd8 23. h4 a4 24. h5 h6 25.
Rxd6 Rxd6 26. Bxe5 1-0

[Event "Late-Titled-Tuesday-Blitz-February-20-2024"]
[Site "Chess.com"]
[Date "2024.02.20"]
[Round "11"]
[White "Bugcrusher"]
[Black "carloseduar100"]
[Result "1-0"]
[WhiteElo "2507"]
[BlackElo "2383"]
[TimeControl "180+1"]
[EndTime "16:02:34 PST"]
[Termination "Bugcrusher won by resignation"]

1. c4 d5 2. cxd5 Qxd5 3. Nc3 Qd8 4. d4 Nf6 5. e4 g6 6. e5 Nfd7 7. Bc4 Bg7 8. e6 fxe6 9. Bxe6 Nf6 10. Bb3 e6 11. Nf3 O-O 12. O-O Kh8 13. Re1 Nc6 14. Bxe6 Bxe6 15. Rxe6 Nd5 16. Bg5 Qd7 17. Re1 Rf5 18. Ne4 Raf8 19. Nc5 Qc8 20. Re4 Rxf3 21. gxf3 Nxd4 22. Rxd4 Bxd4 23. Qxd4+ Kg8 24. Qxd5+ Kh8 25.
Qe5+ Kg8 26. Qe6+ Qxe6 27. Nxe6 Rxf3 28. Kg2 Rf5 29. f4 c6 30. Rd1 h6 31. Bxh6 Rb5 32. Rd7 Rxb2+ 33. Kg3 Rxa2 34. Rg7+ Kh8 35. Ng5 Ra3+ 36.
Kg4 1-0

[Event "Late-Titled-Tuesday-Blitz-February-20-2024"]
[Site "Chess.com"]
[Date "2024.02.20"]
[Round "11"]
[White "OverallStranger"]
[Black "toninhojit"]
[Result "1-0"]
[WhiteElo "2376"]
[BlackElo "2459"]
[TimeControl "180+1"]
[EndTime "16:02:36 PST"]
[Termination "OverallStranger won by resignation"]

1. d4 Nf6 2. c4 c5 3. e3 e6 4. Nf3 b6 5. Nc3 Be7 6. Be2 O-O 7. O-O Bb7 8. b3 cxd4 9. Nxd4 d5 10. Bf3 e5 11.
Nf5 e4 12. Nxe7+ Qxe7 13. Be2 Rd8 14. Qc2 Nbd7 15. Nb5 dxc4 16. Bxc4 Ne5 17. Ba3 Qd7 18. Rfd1 Qg4 19. Bf1 Nf3+ 20. Kh1 Nxh2 21. Rxd8+ Rxd8 22.
Qc7 Rc8 23. Qxh2 a6 24. Nd6 Rc2 25. Nxb7 h6 26. Qg3 Qf5 27. Nd6 Qh5+ 28. Kg1 Ng4 29. Nxe4 f5 30. Rc1 Rxc1 31. Bxc1 fxe4 32. Be2 Qc5 33. Bc4+ Qxc4 34. Qb8+ 1-0

[Event "Late-Titled-Tuesday-Blitz-February-20-2024"]
[Site "Chess.com"]
[Date "2024.02.20"]
[Round "11"]
[White "dennisodessa"]
[Black "DonJuanEGenaro"]
[Result "1-0"]
[WhiteElo "2587"]
[BlackElo "2172"]
[TimeControl "180+1"]
[EndTime "16:03:09 PST"]
[Termination "dennisodessa won by resignation"]

1. d4 Nf6 2. c4 c5 3. d5 e6 4. Nc3 exd5 5. cxd5 d6 6. e4 g6 7. h3 Bg7 8. Nf3 O-O 9. Bd3 Nbd7 10. O-O Ne5 11. Nxe5 dxe5 12. f4 exf4 13. Bxf4 Nd7 14. Bd6 Re8 15. Qf3 Qf6 16. Qxf6 Bxf6 17. Nb5 Ne5 18.
Rxf6 Nxd3 19. Nc7 Bd7 20. Nxa8 Rxa8 21. Raf1 Be8 22. e5 Rd8 23. b3 b5 24. e6 fxe6 25. Rf8+ Kg7 26. Be7 Rc8 27. d6 Ne5 28. Rxe8 Rxe8 29.
Bf6+ Kg8 30. Bxe5 Rd8 31. Rc1 Rc8 32. Bf6 1-0

[Event "Late-Titled-Tuesday-Blitz-February-20-2024"]
[Site "Chess.com"]
[Date "2024.02.20"]
[Round "11"]
[White "BilodeauA"]
[Black "lucliasco"]
[Result "1-0"]
[WhiteElo "3053"]
[BlackElo "2889"]
[TimeControl "180+1"]
[EndTime "16:03:10 PST"]
[Termination "BilodeauA won by resignation"]

1. e4 e5 2. Nf3 Nc6 3. Bc4 Nf6 4. d3 Bc5 5. h3 a6 6. a3 d6 7. Be3 Bxe3 8. fxe3 Be6 9. Nc3 Bxc4 10.
dxc4 O-O 11. g4 Nd7 12. Qe2 Nc5 13. O-O a5 14. Kh2 a4 15. Rg1 Ne7 16. Raf1 Ng6 17.
Qf2 h6 18. h4 Ne6 19. Ne2 c6 20. g5 hxg5 21. Nxg5 Qe7 22. Qf5 b5 23. h5 Nxg5 24. Rxg5 Nh4 25. Qg4 f6 26. Rg6 Nxg6 27. hxg6 Rfe8 28.
Ng3 Qe6 29. Nf5 Kf8 30. Kg3 Ra7 31. Rh1 Qg8 32. Rh7 Rea8 33. Qh3 1-0

[Event "Late-Titled-Tuesday-Blitz-February-20-2024"]
[Site "Chess.com"]
[Date "2024.02.20"]
[Round "11"]
[White "cthulhuuu"]
[Black "chessydotcom"]
[Result "1-0"]
[WhiteElo "2417"]
[BlackElo "2231"]
[TimeControl "180+1"]
[EndTime "16:03:12 PST"]
[Termination "cthulhuuu won by checkmate"]

1. e4 c5 2. Nf3 e6 3. d3 Nc6 4.
g3 g6 5. Bg2 Bg7 6. O-O Nge7 7.
Re1 d6 8. c3 Qc7 9. d4 cxd4 10.
cxd4 d5 11. e5 Bd7 12. Nc3 O-O 13. Bf4 Qb6 14. Na4 Qa5 15. Nc5 Bc8 16. a3 Qc7 17. Rc1 b6 18. Nd3 Qd7 19. b4 Nf5 20.
Nb2 Bb7 21. g4 Nfe7 22. Bf1 Rac8 23. Qd2 Nb8 24. Bh6 Rxc1 25. Rxc1 Rc8 26. Rxc8+ Qxc8 27. Qg5 Qd7 28. Nd3 Bh8 29. Nf4 Ba6 30. b5 Bb7 31. Nh5 f6 32. Nxf6+ Bxf6 33. Qxf6 Nc8 34. Qf8# 1-0

[Event "Late-Titled-Tuesday-Blitz-February-20-2024"]
[Site "Chess.com"]
[Date "2024.02.20"]
[Round "11"]
[White "TokChess"]
[Black "vanyakuba"]
[Result "0-1"]
[WhiteElo "2540"]
[BlackElo "2411"]
[TimeControl "180+1"]
[EndTime "16:03:14 PST"]
[Termination "vanyakuba won by resignation"]

1. e4 d5 2. exd5 Qxd5 3. Nc3 Qa5 4. Nf3 Nf6 5. d4 Bg4 6. h3 Bh5 7. Be2 Nc6 8. O-O O-O-O 9. Be3 e5 10. Nxe5 Bxe2 11. Qxe2 Nxe5 12. dxe5 Qxe5 13. Rad1 Bd6 14. g3 h5 15. Nb5 Bc5 16. Rxd8+ Rxd8 17. a4 Re8 18.
Re1 Nd5 19. Qc4 Bxe3 20. Nxc7 0-1

[Event "Late-Titled-Tuesday-Blitz-February-20-2024"]
[Site "Chess.com"]
[Date "2024.02.20"]
[Round "11"]
[White "el008"]
[Black "Inepton_Fermion"]
[Result "0-1"]
[WhiteElo "2513"]
[BlackElo "2407"]
[TimeControl "180+1"]
[EndTime "16:03:23 PST"]
[Termination "Inepton_Fermion won by checkmate"]

1. e4 c5 2. Nf3 e6 3. d4 cxd4 4. Nxd4 Nc6 5. Ne2 Nf6 6. Nbc3 a6 7. g3 b5 8. a3 Bb7 9. Bg2 Qc7 10. O-O Be7 11.
Be3 O-O 12. h3 Ne5 13. f4 Nc4 14. Bc1 Qb6+ 15. Kh2 Ne3 16. Bxe3 Qxe3 17. Nd4 Bc5 18. Nb3 Ba7 19. Re1 Qf2 20. Re2 Qb6 21. e5 Bxg2 22.
Rxg2 Ne8 23. Ne4 Qc6 24. Qd3 f5 25. Ng5 Nc7 26. Rd1 Nd5 27. Rgd2 h6 28. Nf3 Ne3 29.
Re2 Qxf3 30. Rg1 Nf1+ 31. Rxf1 Qxf1 32. Rg2 Qxd3 33. cxd3 Rac8 34. h4 h5 35. Re2 Rc7 36. Kg2 Rfc8 37. Kf3 Rc2 38. Nd2 Rxb2 39. Nf1 Rxe2 40.
Kxe2 Rc2+ 41. Kd1 Ra2 42. Nd2 Rxa3 43. Ke2 Ra1 44. Nb3 Rg1 45. Kf3 Rb1 46. Na5 Bb6 47.
Nb7 a5 48. Nd6 a4 49. Nc8 Bc5 50. d4 Bxd4 51. Ne7+ Kf7 52. Nc8 Bc5 53. Ke2 Ke8 54.
g4 hxg4 55. h5 Kd8 56. h6 gxh6 57. Kd3 Kxc8 58. Kc2 Rb3 59. Kd2 h5 60. Kc2 h4 61.
Kd2 h3 62. Ke2 Kd8 63. Kd2 Ke7 64. Kc2 Kf7 65. Kd2 Kg6 66. Kc2 Kh5 67. Kd2 Kh4 68. Kc2 Kg3 69. Kd2 Kxf4 70. Kc2 Kxe5 71. Kd2 f4 72.
Kc2 Kf5 73. Kd2 Kg5 74. Kc2 Kh4 75. Kd2 g3 76. Kc2 h2 77. Kd2 e5 78. Kc2 d5 79.
Kd2 e4 80. Kc2 d4 81. Kd2 f3 82. Kc2 e3 83. Kc1 d3 84. Kd1 g2 85. Kc1 f2 86. Kd1 Rb2 87. Kc1 a3 88. Kd1 b4 89.
Kc1 b3 90. Kd1 Bd4 91. Kc1 Kg3 92. Kd1 h1=Q# 0-1

[Event "Late-Titled-Tuesday-Blitz-February-20-2024"]
[Site "Chess.com"]
[Date "2024.02.20"]
[Round "11"]
[White "Muracle"]
[Black "reevecanada"]
[Result "0-1"]
[WhiteElo "2504"]
[BlackElo "2633"]
[TimeControl "180+1"]
[EndTime "16:03:31 PST"]
[Termination "reevecanada won on time"]

1. d4 Nf6 2. Nf3 g6 3. g3 Bg7 4. Bg2 d5 5. O-O O-O 6. Ne5 c5 7. c4 dxc4 8. dxc5 Qc7 9. Nxc4 Qxc5 10. Nbd2 Nc6 11. a3 Rd8 12. b4 Qb5 13. e3 Be6 14. Qe2 Rxd2 15. Qxd2 Bxc4 16. Rd1 Ne4 17. Bxe4 Bxa1 18.
Bb2 Bxb2 19. Qxb2 Be6 20. Rc1 Rd8 21. Qc3 Bd5 22. Bd3 Qb6 23. Bf1 Be6 24. Bg2 h5 25. h3 Qb5 26. Kh2 Qe2 27. Rc2 Qd1 28. Rc1 Qd2 29. Bxc6 Qxc3 30. Rxc3 bxc6 31. Rxc6 Rd1 32.
Rc7 Bd5 33. g4 h4 34. f3 Bxf3 0-1

[Event "Late-Titled-Tuesday-Blitz-February-20-2024"]
[Site "Chess.com"]
[Date "2024.02.20"]
[Round "11"]
[White "miraitrunks"]
[Black "esteban062000"]
[Result "1-0"]
[WhiteElo "2190"]
[BlackElo "2140"]
[TimeControl "180+1"]
[EndTime "16:03:33 PST"]
[Termination "miraitrunks won on time"]

1. e4 c5 2. Nf3 Nc6 3. d4 cxd4 4. Nxd4 Nf6 5. Nc3 e5 6. Ndb5 d6 7. Bg5 a6 8. Na3 b5 9. Bxf6 gxf6 10. Nd5 Be7 11. Qh5 O-O 12. Rd1 Be6 13. Rd3 Qa5+ 14.
c3 Rab8 15. Rg3+ Kh8 16. Rh3 Bxh3 17. gxh3 b4 18. Nc4 Qxa2 19. cxb4 Qb1+ 20. Kd2 Qxe4 21. Bd3 Qxd3+ 22. Kxd3 Nxb4+ 23. Nxb4 Rxb4 24. Rg1 e4+ 25. Kc3 d5 26. Qxd5 Rc8 27. Qxf7 Rbxc4+ 28. Qxc4 Rxc4+ 29. Kxc4 Bd6 30. Kd5 Bxh2 31. Rg2 Be5 32. Kxe4 Bxb2 33. Kf5 a5 34. Ke6 Bc3 35. f3 h6 36. Rc2 Bd4 37.
h4 Kh7 38. h5 Be5 39. Rc5 Kg7 40. Rxa5 1-0

[Event "Late-Titled-Tuesday-Blitz-February-20-2024"]
[Site "Chess.com"]
[Date "2024.02.20"]
[Round "11"]
[White "Laico"]
[Black "Navyblue1"]
[Result "1-0"]
[WhiteElo "2377"]
[BlackElo "2216"]
[TimeControl "180+1"]
[EndTime "16:03:41 PST"]
[Termination "Laico won by checkmate"]

1. e4 c5 2. Nc3 d6 3. f4 e5 4. Nf3 exf4 5. d4 cxd4 6. Qxd4 Nc6 7. Bb5 Bd7 8. Bxc6 bxc6 9. Bxf4 Qf6 10. e5 dxe5 11. Bxe5 Qg6 12. O-O-O Be6 13. Rhe1 Ne7 14.
Bc7 Nd5 15. Nxd5 cxd5 16. Qxd5 Rc8 17. Qc6+ Ke7 18. Qd6+ Ke8 19. Qc6+ Ke7 20. Qd7+ Kf6 21.
Bd8+ Kf5 22. Re5+ Kg4 23. Qxe6+ fxe6 24. Rd4+ Qe4 25. Rdxe4# 1-0

[Event "Late-Titled-Tuesday-Blitz-February-20-2024"]
[Site "Chess.com"]
[Date "2024.02.20"]
[Round "11"]
[White "Ready4abattle"]
[Black "PNEPaul"]
[Result "1-0"]
[WhiteElo "2277"]
[BlackElo "2003"]
[TimeControl "180+1"]
[EndTime "16:03:45 PST"]
[Termination "Ready4abattle won by resignation"]

1. e4 e5 2. Nf3 Nc6 3. Bc4 Be7 4. c3 Nf6 5. d3 O-O 6. O-O d6 7. b4 Be6 8. Nbd2 Bxc4 9. Nxc4 b5 10. Ne3 g6 11. Qb3 Re8 12. Bd2 Bf8 13. a4 bxa4 14.
Rxa4 Bg7 15. Rfa1 Qd7 16. b5 Ne7 17. Rxa7 Rxa7 18. Rxa7 Nc8 19. Ra2 Ng4 20. Nd5 h6 21. c4 Kh7 22. Ba5 c6 23. Nc7 Rh8 24. b6 Ne7 25. b7 Rb8 26. Rb2 d5 27. Rb1 f5 28.
Na6 Rxb7 29. Qxb7 Qe6 30. Nc5 Qf6 31. Nd7 Qe6 32. cxd5 cxd5 33. exd5 Nxd5 34. Nf8+ 1-0

[Event "Late-Titled-Tuesday-Blitz-February-20-2024"]
[Site "Chess.com"]
[Date "2024.02.20"]
[Round "11"]
[White "KorolDimitriy75"]
[Black "ACollins05"]
[Result "1-0"]
[WhiteElo "2436"]
[BlackElo "2566"]
[TimeControl "180+1"]
[EndTime "16:03:51 PST"]
[Termination "KorolDimitriy75 won by resignation"]

1. d4 d5 2. c4 e6 3. Nc3 Be7 4. cxd5 exd5 5. Bf4 c6 6. e3 Bf5 7. g4 Be6 8. h4 Bxh4 9. Qb3 g5 10. Be5 f6 11.
Qxb7 fxe5 12. Qxa8 exd4 13. exd4 Nh6 14. Nf3 O-O 15.
Nxh4 gxh4 16. Qb7 Nxg4 17. Rg1 Kh8 18. O-O-O Qb6 19. Qe7 Rxf2 20. Be2 Bd7 21. Rxg4 Bxg4 22. Qe5+ Kg8 23. Qg5+ Kh8 24. Qxg4 Qd8 25. Rg1 Rf7 26.
Qh5 Qf6 27. Rf1 Qxf1+ 28. Bxf1 Rxf1+ 29. Kd2 Rf8 30. Qxh4 Kg7 31. Qe7+ Rf7 32. Qe5+ 1-0

[Event "Late-Titled-Tuesday-Blitz-February-20-2024"]
[Site "Chess.com"]
[Date "2024.02.20"]
[Round "11"]
[White "Charodej1"]
[Black "ArchibaldCerveza29"]
[Result "1-0"]
[WhiteElo "2235"]
[BlackElo "2404"]
[TimeControl "180+1"]
[EndTime "16:03:52 PST"]
[Termination "Charodej1 won on time"]

1. f4 d5 2. Nf3 g6 3. g3 Bg7 4. Bg2 Nh6 5. O-O O-O 6. d3 d4 7.
c3 c5 8. e4 dxe3 9. Bxe3 Qc7 10. Nbd2 Nf5 11. Bf2 Rd8 12. Qc2 Na6 13. Ne4 b6 14. Rfe1 Bb7 15. Rad1 h5 16. Nfg5 Nb8 17.
Nxf7 Kxf7 18. Ng5+ Kg8 19. Ne6 Qd7 20. Bxb7 Qxb7 21. Nxd8 Qd5 22. Qb3 Qxb3 23. axb3 Nd7 24. Ne6 Bf6 25. Kg2 Kf7 26. h3 Nh6 27. Nc7 Rc8 28.
Nd5 Rc6 29. Nxf6 Nxf6 30. d4 c4 31. d5 Rc5 32. Bxc5 1-0

[Event "Late-Titled-Tuesday-Blitz-February-20-2024"]
[Site "Chess.com"]
[Date "2024.02.20"]
[Round "11"]
[White "giovannibrandao7"]
[Black "katharinareinecke"]
[Result "0-1"]
[WhiteElo "2219"]
[BlackElo "2012"]
[TimeControl "180+1"]
[EndTime "16:03:53 PST"]
[Termination "katharinareinecke won by resignation"]

1. e4 c6 2. d4 d5 3. Nc3 b5 4. a3 dxe4 5. Nxe4 Bf5 6. Ng3 Bg6 7. h4 h6 8. Nf3 Nd7 9. h5 Bh7 10. Bd3 Bxd3 11. Qxd3 e6 12. Bd2 Ngf6 13. Ne4 Be7 14. Bb4 O-O 15. Bxe7 Qxe7 16. O-O-O a5 17. g4 a4 18. g5 Nxe4 19. Qxe4 f5 20. gxf6 Nxf6 21. Qxc6 b4 22. Qc5 Qxc5 23. dxc5 bxa3 24. bxa3 Rfc8 25. Rhe1 Kf7 26. Nd4 Ra6 27. c6 Re8 28. Re5 Nd5 29. Rde1 Nc7 30. Nf5 0-1

[Event "Late-Titled-Tuesday-Blitz-February-20-2024"]
[Site "Chess.com"]
[Date "2024.02.20"]
[Round "11"]
[White "Sanyura"]
[Black "Piotrek1979"]
[Result "0-1"]
[WhiteElo "2605"]
[BlackElo "2464"]
[TimeControl "180+1"]
[EndTime "16:03:57 PST"]
[Termination "Piotrek1979 won by resignation"]

1. e4 c5 2. Nf3 Nc6 3. d4 cxd4 4. Nxd4 g6 5. c4 Nf6 6. Nc3 d6 7. Be2 Nxd4 8. Qxd4 Bg7 9. Be3 O-O 10. Qd2 a5 11. f3 a4 12. O-O Qa5 13. Rfd1 Be6 14. Rac1 Rfc8 15. Nb5 Qxd2 16. Rxd2 Nd7 17. Nd4 Nc5 18. Nxe6 fxe6 19. h4 h6 20. g4 Kf7 21. Kg2 Ra6 22. Rcc2 Rb6 23. Kf2 Rb4 24. h5 g5 25. Ke1 Be5 26. Kd1 Kf6 27. Kc1 Bf4 28.
Bxf4 gxf4 29. Kb1 e5 30. Rc3 Kg5 31. Kc2 Rc6 32. Rd5 Kh4 33. Bd1 Rcb6 34. b3 axb3+ 35.
axb3 Nxb3 36. Rb5 Nd4+ 37. Kd3 Nxb5 38. cxb5 Rd4+ 39. Ke2 Rxb5 40. Rc7 Rb2+ 41. Bc2 b5 42. Ke1 Rc4 0-1

[Event "Late-Titled-Tuesday-Blitz-February-20-2024"]
[Site "Chess.com"]
[Date "2024.02.20"]
[Round "11"]
[White "MusicCityMaster"]
[Black "Kosak12"]
[Result "0-1"]
[WhiteElo "2574"]
[BlackElo "2807"]
[TimeControl "180+1"]
[EndTime "16:04:01 PST"]
[Termination "Kosak12 won by resignation"]

1. d4 Nf6 2. c4 g6 3. Nc3 d5 4.
Bf4 Bg7 5. Rc1 O-O 6. e3 c5 7. dxc5 Be6 8. Nf3 Qa5 9. Nd4 Nc6 10. Nb3 Qd8 11. cxd5 Nxd5 12. Nxd5 Bxd5 13. Qc2 Nb4 14. Qd2 Nxa2 15. Bc4 Bxg2 16. Rg1 Nxc1 17. Qxc1 Bd5 18. h4 Qd7 19. h5 Rfd8 20. f3 Qe6 21. Bxd5 Rxd5 22.
hxg6 hxg6 23. Ke2 Rad8 24. Qc2 Rd3 25. Rh1 Qxb3 0-1

[Event "Late-Titled-Tuesday-Blitz-February-20-2024"]
[Site "Chess.com"]
[Date "2024.02.20"]
[Round "11"]
[White "AlexeiShirov"]
[Black "vugarrasulov"]
[Result "1-0"]
[WhiteElo "2858"]
[BlackElo "2926"]
[TimeControl "180+1"]
[EndTime "16:04:05 PST"]
[Termination "AlexeiShirov won by resignation"]

1. e4 e5 2. Nf3 Nc6 3. Bb5 Nf6 4.
O-O Nxe4 5. Re1 Nd6 6. a4 Be7 7. Nc3 O-O 8. d4 e4 9. Nxe4 Nxe4 10. Rxe4 d5 11. Re1 Bd6 12. c3 Bg4 13. h3 Bh5 14. g4 Bg6 15. Ne5 Nxe5 16. dxe5 Bc5 17. Be3 Bxe3 18. Rxe3 c6 19. Bf1 f5 20. e6 Qd6 21. e7 Rfe8 22. Qe2 f4 23. Re6 Qd7 24.
Re1 Bf7 25. Re5 Rac8 26. Qf3 Qd6 27. Bd3 Rc7 28. Qe2 c5 29. Bb5 Rc6 30. Bxc6 bxc6 31.
Qf3 d4 32. Qxf4 Rxe7 33. Qf5 Rxe5 34. Qxe5 Qd8 35. Qe7 Qb8 36. Qxc5 d3 37. Qd4 Bg6 38. Re7 Qf8 39. Rd7 1-0

[Event "Late-Titled-Tuesday-Blitz-February-20-2024"]
[Site "Chess.com"]
[Date "2024.02.20"]
[Round "11"]
[White "Herman-NY"]
[Black "Cristi_Coca"]
[Result "1-0"]
[WhiteElo "2516"]
[BlackElo "2385"]
[TimeControl "180+1"]
[EndTime "16:04:05 PST"]
[Termination "Herman-NY won by resignation"]

1. e4 c5 2. Nf3 e6 3. d4 cxd4 4.
Nxd4 a6 5. Bd3 Bc5 6. Nb3 Ba7 7.
Qg4 Nf6 8. Qg3 h5 9. Bg5 d6 10. Nc3 Nc6 11. O-O-O Qc7 12. Rhe1 Bd7 13. Bh4 Ng4 14.
Re2 Nd4 15. Nxd4 Bxd4 16. h3 Ne5 17. f4 Bxc3 18. bxc3 Nxd3+ 19. Rxd3 Bb5 20. Qxg7 Rf8 21. c4 Qxc4 22. Rc3 Qxe2 23. Qf6 Qe1+ 24. Bxe1 1-0